 Dungeon Crawl Stone Soup version 0.32-a0-576-g706899e69d (webtiles) character file.

Game seed: 11617284132917912748

1785 BeKind the Protected (level 8, -8/73 HPs)
             Began as a Minotaur Fighter on Mar 2, 2024.
             Was an Initiate of Ashenzari.
             Killed from afar by an acid dragon (11 damage)
             ... with a splash of acid
             ... on level 8 of the Dungeon.
             The game lasted 00:09:01 (5100 turns).

BeKind the Protected (Minotaur Fighter)             Turns: 5100, Time: 00:09:03

Health: -8/73      AC:  8    Str: 24    XL:     8   Next: 81%
Magic:  7/7        EV:  7    Int:  5    God:    Ashenzari [......]
Gold:   440        SH:  6    Dex:  9    Spells: 7/7 levels left

rFire   . . .        u - +4 whip of Destruction {freeze, Will+}
rCold   + . .        c - +0 buckler
rNeg    . . .        p - +2 plate armour "Gnostic Fetters" {rC+, Self, Fort} (curse)
rPois   .            (helmet restricted)
rElec   .            (no cloak)
rCorr   .            (no gloves)
SInv    .            (no boots)
Will    +....        (no amulet) Stlth
                     (no ring)
HPRegen 0.32/turn    (no ring)
MPRegen 0.10/turn

%: no passive effects
@: corroded
A: horns 2, retaliatory headbutt
a: Renounce Religion, Curse Item, Shatter the Chains


You were on level 8 of the Dungeon.
You worshipped Ashenzari.
Ashenzari was noncommittal.
You visited 1 branch of the dungeon, and saw 6 of its levels.
You also visited: Sewer.

You collected 440 gold pieces.

Inventory:

Hand Weapons
 a - a +0 trident
 u - the +4 whip of Destruction (weapon) {freeze, Will+}
   (You found it on level 6 of the Dungeon)

   Will+:     It increases your willpower.
Missiles
 q - 38 stones (quivered)
Armour
 b - a +0 scale mail
 c - a +0 buckler (worn)
 g - a +0 plate armour
 p - the cursed +2 plate armour "Gnostic Fetters" (worn) {rC+, Self, Fort}
   (You found it on level 3 of the Dungeon)

   It has a curse which improves the following skills: Introspection: Fighting
   and Spellcasting.
   Fortitude: Armour and Shields.
Jewellery
 l - an amulet of the acrobat
Wands
 y - a wand of flame (17)
Scrolls
 e - a scroll of identify
 k - a scroll of immolation
 m - a scroll of torment
 o - a scroll of fear
 r - 2 scrolls of teleportation {unknown}
 s - a scroll of poison {unknown}
 v - 2 scrolls of noise
 w - a scroll of enchant armour {unknown}
 x - a scroll of blinking
 z - a scroll of amnesia {unknown}
Potions
 d - a potion of might
 f - a potion of brilliance {unknown}
 h - a potion of haste {unknown}
 i - a potion of curing {unknown}
 j - 3 potions of mutation {unknown}
 n - a potion of heal wounds {unknown}
 t - a potion of lignification {unknown}


   Skills:
 + Level 6.5(7.0) Fighting
 - Level 3.0 Maces & Flails
 - Level 4.2 Polearms
 * Level 9.0(9.4) Armour
 * Level 8.9(9.3) Shields


You had 7 spell levels left.
You didn't know any spells.
Your spell library contained the following spells:

 Spells                   Type           Power      Damage    Failure   Level
 Foxfire                  Conj/Fire      0%         2x1d4     100%        1
 Kiss of Death            Conj/Necr      0%         2d5       100%        1
 Magic Dart               Conj           0%         1d3       100%        1
 Lesser Beckoning         Tloc           0%         N/A       100%        2
 Static Discharge         Conj/Air       0%         3-3/arc   100%        2
 Confusing Touch          Hex            0%         N/A       100%        3
 Gell's Gravitas          Tloc           0%         N/A       100%        3
 Teleport Other           Tloc           0%         N/A       100%        3
 Airstrike                Air            0%         2d(0-16)  100%        4
 Dispel Undead            Necr           0%         3d6       100%        4
 Summon Lightning Spire   Summ/Air       0%         N/A       100%        4
 Plasma Beam              Fire/Air       0%         2x1d10    100%        6
 Starburst                Conj/Fire      0%         6d3       100%        6


Dungeon Overview and Level Annotations

Branches:
Dungeon (8/15)               Lair (0/5) D:8           Sewer (visited)
 Temple: D:4-7

Altars:
Ashenzari
Cheibriados
Nemelex Xobeh
Vehumet


Innate Abilities, Weirdness & Mutations

You have a pair of horns on your head.
You reflexively headbutt those who attack you in melee.


Message History

You hit the acid dragon but do no damage.
The acid dragon is lightly wounded.
You hear an angry buzzing noise.
The acid dragon bites you but does no damage.
The acid dragon claws you but does no damage.
You hit the acid dragon. You freeze the acid dragon.
Your headbutt misses the acid dragon.
The acid dragon is lightly wounded.
The acid dragon spits acid at you. The splash of acid hits you!
The acid corrodes you!
You hear an angry buzzing noise. x2
You are too injured to fight recklessly!
You are too injured to fight recklessly!
You are too injured to fight recklessly!
You hit the acid dragon. You freeze the acid dragon.
The acid dragon is moderately wounded.
You block the acid dragon's attack. The acid dragon claws you.
You closely miss the acid dragon.
The acid dragon is moderately wounded.
The acid dragon bites you but does no damage.
You block the acid dragon's attack.
You hit the acid dragon. You freeze the acid dragon.
The acid dragon is heavily wounded.
You block the acid dragon's attack. The acid dragon barely misses you.
You hit the acid dragon. You freeze the acid dragon.
The acid dragon is severely wounded.
The acid dragon completely misses you. The acid dragon claws you.
You hit the acid dragon but do no damage.
The acid dragon is severely wounded.
The acid dragon spits acid at you. The splash of acid hits you!!
* * * LOW HITPOINT WARNING * * *
You hear an angry buzzing noise.
You hit the acid dragon. You freeze the acid dragon.
Your headbutt misses the acid dragon.
The acid dragon is severely wounded.
You hear an angry buzzing noise.
The acid dragon spits acid at you. The splash of acid hits you!
You die...

#.......##
#...#
####...##
..# ##..#
##.## #..#
##.# #.##
#..# ##@#
#D.# #..#
##.# ..
#.. .. ...


You could see an acid dragon (catching breath).

Vanquished Creatures
  Grinder (D:3)
  Sigmund (D:3)
  A wyvern (D:8)
  A steam dragon (D:7)
  An ice beast (D:8)
  A sky beast (D:7)
  An ogre (D:7)
  A kobold brigand (D:6)
  A scorpion (D:7)
  3 bullfrogs
  4 killer bees (D:8)
  A hound (D:7)
  An orc priest (D:7)
  Terence (D:3)
  2 iguanas
  3 orc wizards (D:6)
  3 gnolls (D:7)
  4 adders
  2 ufetubi (D:6)
  8 dart slugs
  3 ribbon worms
  16 orcs
  2 bats (D:1)
  5 endoplasms
  10 giant cockroaches
  5 goblins
  4 hobgoblins
  A quokka (D:3)
  11 ball pythons
  13 frilled lizards
  10 kobolds
  6 rats
127 creatures vanquished.

Notes
Turn   | Place    | Note
-------+----------+-------------------------------------------
     0 | D:1      | BeKind the Minotaur Fighter began the quest for the Orb.
     0 | D:1      | Reached XP level 1. HP: 19/19 MP: 0/0
   335 | D:1      | Reached XP level 2. HP: 27/27 MP: 1/1
   407 | D:1      | Found a faded altar of an unknown god.
   416 | D:1      | Got Plato's Omnibus of Wounds
   417 | D:1      | Prayed at the altar of an unknown god.
   417 | D:1      | Became a worshipper of Ashenzari the Shackled
   640 | D:1      | Reached skill level 4 in Armour
   981 | D:2      | Reached XP level 3. HP: 30/33 MP: 2/2
  1665 | D:3      | Noticed Terence
  1673 | D:3      | Killed Terence
  1674 | D:3      | Reached XP level 4. HP: 40/40 MP: 3/3
  1679 | D:3      | Noticed Sigmund
  1686 | D:3      | Killed Sigmund
  1687 | D:3      | Reached skill level 5 in Armour
  1687 | D:3      | Reached skill level 5 in Shields
  1687 | D:3      | Reached XP level 5. HP: 41/47 MP: 4/4
  1688 | D:3      | Noticed Grinder
  1707 | D:3      | Killed Grinder
  1708 | D:3      | Reached skill level 6 in Armour
  1708 | D:3      | Reached XP level 6. HP: 40/55 MP: 5/5
  1957 | D:3      | Found a snail-covered altar of Cheibriados.
  2211 | D:3      | You fall into a shaft and drop 3 floors!
  2287 | D:6      | Reached skill level 5 in Fighting
  2287 | D:6      | Reached XP level 7. HP: 40/61 MP: 6/6
  2475 | D:6      | Identified the +4 whip of Destruction {freeze, Will+}
  2577 | D:6      | Found a glowing drain.
  2604 | Sewer    | Entered a sewer
  2835 | Sewer    | Reached skill level 1 in Maces & Flails
  3097 | D:6      | Reached skill level 7 in Armour
  3568 | D:7      | Reached XP level 8. HP: 37/70 MP: 7/7
  4210 | D:7      | Found a radiant altar of Vehumet.
  4408 | D:7      | Found a sparkling altar of Nemelex Xobeh.
  4586 | D:7      | Reached skill level 8 in Armour
  4888 | D:8      | Found a staircase to the Lair.
  4978 | D:8      | Reached skill level 9 in Armour
  5099 | D:8      | HP: 3/73 [acid dragon/splash of acid (20)]
  5100 | D:8      | Killed from afar by an acid dragon

Illustrated notes

Levels and vault maps discovered:
D:1:      zelgadis_glass_arrival_small, layout_loops_corners,
          shapermc_ecumenical_altar_rom_forum
D:2:      layout_loops_ring, uniq_crazy_yiuf_cottage
D:3:      layout_rooms, cheibrodos_worm_habitat, uniq_sigmund, uniq_terence,
          uniq_grinder
D:6:      layout_gridville, gup_sewer_entry_bowl
D:7:      layout_loops_ring, mainiacjoe_overflow_surrounded_room,
          vehumet_altar_wand_db, nicolae_hexahallways, minmay_crystal_room,
          grunt_ministairs_6
D:8:      layout_cave_pods, lair_entry_dummy

Skill      XL: |  1  2  3  4  5  6  7  8 |
---------------+-------------------------+-----
Armour         | 4 5 6 7 9 |  9.0
Shields        | 4 5 6 7 8 |  8.9
Fighting       | 4 5 6 |  6.5
Polearms       | 3 4 |  4.2
Maces & Flails | 2 3 |  3.0

Action                     |  1- 3 |  4- 6 |  7- 9 || total
---------------------------+-------+-------+-------++-------
  Melee: Trident           |    96 |    61 |     7 ||   164
         Headbutt          |    13 |    10 |    23 ||    46
         Whip              |       |       |   234 ||   234
  Throw: Stone             |       |       |     9 ||     9
 Invoke: Curse Item        |       |     1 |       ||     1
    Use: Scroll            |       |       |     5 ||     5
 Armour: Scale mail        |     1 |       |       ||     1
         Plate armour      |    46 |    49 |   259 ||   354
  Dodge: Dodged            |    17 |    12 |    99 ||   128
  Block: Buckler           |    23 |     9 |    58 ||    90

Table legend: (Time is in decaauts)
 A = Elapsed time spent in this place.
 B = Non-inter-level travel time spent in this place.
 C = Inter-level travel time spent in this place.
 D = Time resting spent in this place.
 E = Time spent auto-exploring this place.
 F = Levels seen in this place.
 G = Mean time per level.
                   A        B        C        D        E       F      G
               +--------+--------+--------+--------+--------+-----+--------+
         Total |   5248 |   4952 |    296 |    462 |   3467 |   7 |  749.7 |
       Dungeon |   4702 |   4406 |    296 |    462 |   3174 |   6 |  783.7 |
         Sewer |    545 |    545 |      0 |      0 |    293 |   1 |  545.0 |
               +--------+--------+--------+--------+--------+-----+--------+

Top non-repeatable levels by time:
     D:6: 1269 daAuts
     D:1: 918 daAuts
     D:7: 720 daAuts
     D:3: 716 daAuts
     D:2: 613 daAuts
   Sewer: 545 daAuts
     D:8: 463 daAuts
